 Dungeon Crawl Stone Soup version 0.25.1-2-g60ff931df9 (webtiles) character file.

Game seed: 17974721602074183470

515250 nicanaca0 the Slayer (level 24, -4/217 HPs)
             Began as a Minotaur Berserker on Oct 3, 2020.
             Was a High Priest of Trog.
             Slain by a stone giant (9 damage)
             ... on level 5 of the Vaults on Oct 16, 2020.
             The game lasted 03:36:30 (59401 turns).

nicanaca0 the Slayer (Minotaur Berserker)          Turns: 59401, Time: 03:36:32

Health: -4/217     AC: 41    Str: 26    XL:     24   Next: 46%
Magic:  8/8        EV: 15    Int:  8    God:    Trog [*****.]
Gold:   727        SH: 19    Dex: 14    Spells: 23/23 levels left

rFire    + + .     SeeInvis +   a - +9 broad axe (antimagic)
rCold    + + .     Gourm    .   l - +4 kite shield {rC+ rF+}
rNeg     . . .     Faith    .   q - +2 gold dragon scales
rPois    +         Spirit   .   B - +2 hat {MR+}
rElec    .         Reflect  .   U - +2 cloak
rCorr    +         Harm     .   t - +2 pair of gloves
MR       ++++.                  N - +2 pair of boots {run}
Stlth    ..........             J - amulet of regeneration
HPRegen  1.86/turn              Y - ring of resist corrosion
MPRegen  0.11/turn              A - ring of see invisible

@: about to teleport, regenerating, drained, quick
A: retaliatory headbutt, horns 2, frail 1, low mp 1
}: 2/15 runes: barnacled, gossamer
a: Berserk, Trog's Hand, Brothers in Arms, Renounce Religion


You were on level 5 of the Vaults.
You worshipped Trog.
Trog was extremely pleased with you.
You were very full.

You visited 8 branches of the dungeon, and saw 43 of its levels.
You also visited: Ice Cave.

You collected 4528 gold pieces.
You spent 3801 gold pieces at shops.

Inventory:

Hand Weapons
 a - a +9 antimagic broad axe (weapon)
 i - a +4 vorpal demon whip
Missiles
 w - 116 poisoned darts (quivered)
 T - 20 silver javelins
Armour
 k - the +1 hat of the Frog {Harm MR- Dex-4 Slay+5}
   (You found it on level 4 of the Shoals)

   It affects your dexterity (-4).
   It affects your accuracy and damage with ranged weapons and melee attacks
   (+5).
   It affects your resistance to hostile enchantments.
   It increases damage dealt and taken.
 l - a +4 kite shield of resistance (worn)
 q - +2 gold dragon scales (worn)
 t - a +2 pair of gloves (worn)
 B - a +2 hat of magic resistance (worn)
 E - the +1 crystal plate armour of Viof {Dex+2}
   (You bought it in a shop on level 2 of the Shoals)

   It affects your dexterity (+2).
 N - a +2 pair of boots of running (worn)
 U - a +2 cloak (worn)
Jewellery
 A - a ring of see invisible (right hand)
 I - an uncursed amulet of reflection
 J - an amulet of regeneration (around neck)
 Y - a ring of resist corrosion (left hand)
Wands
 y - a wand of polymorph (11)
 H - a wand of acid (11)
 L - a wand of iceblast (50)
 O - a wand of digging (13)
 Q - a wand of paralysis (51)
 W - a wand of flame (62)
 X - a wand of disintegration (13)
Scrolls
 d - 3 scrolls of torment
 e - 4 scrolls of immolation
 j - 16 scrolls of teleportation
 m - 4 scrolls of blinking
 o - 2 scrolls of fear
 p - 6 scrolls of fog
 s - a scroll of silence
 v - 20 scrolls of remove curse
 P - 5 scrolls of magic mapping
 R - 3 scrolls of summoning
 S - a scroll of identify
 Z - 3 scrolls of holy word
Potions
 f - 5 potions of flight
 h - a potion of haste
 r - a potion of cancellation
 u - 3 potions of lignification
 z - 6 potions of ambrosia
 D - 4 potions of heal wounds
 F - 14 potions of curing
Comestibles
 c - 44 rations


   Skills:
 + Level 25.1(24.0) Fighting
 - Level 19.2(18.3) Axes
 - Level 10.0(9.2) Throwing
 + Level 25.0(23.9) Armour
 + Level 18.0(17.1) Dodging
 - Level 16.4(15.5) Shields
 - Level 10.0(9.2) Evocations


You had 23 spell levels left.
You didn't know any spells.
Your spell library was empty.

Dungeon Overview and Level Annotations

Branches:
Dungeon (15/15)            Temple (0/1) D:5            Lair (6/6) D:9
 Shoals (4/4) Lair:2       Spider (4/4) Lair:3        Slime (0/5) Lair:5
    Orc (2/2) D:12            Elf (2/3) Orc:2        Vaults (5/5) D:13
  Crypt (0/3) Vaults:2     Depths (5/5) D:15            Zot (0/5) Depths:5
  IceCv (visited)

Altars:
Cheibriados
Dithmenos
Elyvilon
Gozag
Makhleb
Nemelex Xobeh
Okawaru
Qazlal
Ru
Trog
Xom
Zin
The Shining One
Lugonu

Shops:
D:4 [%([   D:6 (**?[   D:7 }[:=:   D:13 =   D:15 :   Orc:2 (?**   Elf:2 *
Shoals:2 [   Shoals:4 (   Depths:1 :[[

Portals:
Hell: Depths:1 Depths:2 Depths:4 Depths:5
Abyss: Depths:4 Depths:5
Ziggurat: Depths:2

Annotations:
D:14 exclusion: obsidian statue
Depths:2 2 runed translucent doors


Innate Abilities, Weirdness & Mutations

You reflexively headbutt those who attack you in melee.
You have a pair of horns on your head.
You are frail. (-10% HP)
Your magical capacity is low. (-10% MP)


Message History

The tentacled monstrosity constricts you.
You completely miss the war gargoyle.
The war gargoyle is lightly damaged.
You hit the vault warden.
The vault warden's magic leaks into the air.
You hit the shadow dragon. You hit the ettin. You slash the stone giant!
You slice the yaktaur captain!! You slice the tentacled monstrosity!!
You kill the tentacled monstrosity!
Trog accepts your kill. You block the war gargoyle's attack.
You block the shadow dragon's attack.
The shadow dragon claws you but does no damage.
You block the shadow dragon's attack. You block the ettin's attack.
The ettin barely misses you.
Your deep troll bites the shadow dragon!!
The shadow dragon dies!
Trog accepts your kill. The yaktaur captain hits you!
* * * LOW HITPOINT WARNING * * *
The stone giant hits you!
You die...

***********,,#....#..#,,,,,,*,,,,
,,,,,,,,,,#,,#....#ep#,,,,,,*,,,,
,,,,,,,,,,#.,#....#..#*,,,,*,,,,,
*******####.,#....#..#**,,*,,,,*,
,,,,,,,......#....#c?#####GD,,***
,,,,,,,......#....#ps....c..,** *
,,,,,,,?.....)§§Tcc§)..X....**
********###...§p§C§D########*****
,,,,,,,..§....c9@DX........,,,,,,
,,,,,,,....§..D§cCQ........,,,,,,
,,,,,,,......|o§C§p........,,,,,,
,,,,,,,..^...D§§*§.*.......,,,,,,
*******#####.$.c....#######******
,,,,,,,,,,..........p.*,,,*,*,*,,
,,,,,,,,,....#....#...#,*,,,*,*,*
***,,****#...#....#.#.#,*,*,*,*,*
∩,*,,*,∩,#..,#....#.#.#,*,*,*,,,*


You could see a tentacled monstrosity, an iron dragon, a storm dragon (catching
breath), a stone giant, 2 vault wardens, a tengu reaver, 4 yaktaur captains, an
orc knight, 2 ettins, a war gargoyle (catching breath) and a friendly deep troll
(summoned, berserk).

Vanquished Creatures
  2 juggernauts (Depths:5)
  Bai Suzhen (Shoals:3)
  Margery (Vaults:4)
  Saint Roka (Vaults:1)
  A caustic shrike (Depths:5)
  5 liches
  A bone dragon (Vaults:2)
  Rupert (D:12)
  4 titans
  Asterion (Vaults:3)
  A quicksilver dragon (Vaults:4)
  2 tentacled monstrosities (Vaults:5)
  An ancient champion (Depths:1)
  Gastronok (D:12)
  A kraken (Shoals:2)
  A sphinx (Depths:5)
  A sphinx (shapeshifter) (Depths:4)
  2 storm dragons
  Agnes (Elf:1)
  2 shadow dragons
  2 tengu reavers
  Roxanne (Shoals:3)
  An azure jelly (shapeshifter) (Depths:4)
  Ilsuiw (Shoals:3)
  8 fire giants
  7 frost giants
  19 vault wardens
  Louise (Elf:2)
  An iron dragon (Vaults:5)
  4 ghost moths (Spider:4)
  A deep elf sorcerer (Vaults:5)
  A balrug (Depths:1)
  A deep elf elementalist (Depths:2)
  6 emperor scorpions
  22 ironheart preservers
  A draconian shifter (Depths:5)
  15 stone giants
  A draconian annihilator (Depths:5)
  A spriggan defender (Depths:5)
  18 very ugly things
  4 war gargoyles (Depths:4)
  3 entropy weavers
  A green draconian (Depths:5)
  2 deep elf demonologists
  3 deep elf annihilators
  A vampire knight (Depths:2)
  5 spark wasps
  A dire elephant (Lair:6)
  A yellow draconian (Depths:5)
  A white draconian (Depths:5)
  3 deep elf death magi
  A purple draconian (Depths:5)
  4 merfolk javelineers
  3 ettins
  Josephine (Lair:5)
  13 crystal guardians
  A merfolk impaler (Shoals:4)
  3 blizzard demons
  16 ogre magi
  2 great orbs of eyes
  7 yaktaur captains
  7 fire dragons
  6 ice dragons
  A hell beast (Depths:1)
  6 hydras
  2 rakshasas
  35 vault guards
  The ghost of NebNelluc the Reanimator, a journeyman HuNe of Yredelemnul (Lair:2)
  4 merfolk aquamancers
  3 death knights (Vaults:3)
  2 catoblepae
  An alligator snapping turtle (Shoals:4)
  2 merfolk avatars
  An anaconda (shapeshifter) (Depths:4)
  12 centaur warriors
  3 satyrs
  47 two-headed ogres
  41 dancing weapons
  A spriggan air mage (Depths:5)
  An alligator (shapeshifter) (Vaults:1)
  A two-headed ogre (shapeshifter) (Depths:5)
  4 deep troll shamans
  8 tengu warriors
  12 death yaks
  A vampire mage (Depths:2)
  A titan zombie (Depths:2)
  Urug (Lair:1)
  6 spriggan berserkers
  6 deep troll earth magi
  A storm dragon zombie (Vaults:2)
  3 hell knights (Vaults:4)
  3 iron trolls (Depths:1)
  3 sun demons (Depths:1)
  28 deep trolls
  27 deep elf knights
  3 flayed ghosts
  3 unseen horrors
  3 glowing orange brains
  4 skeletal warriors (Depths:1)
  10 sea snakes
  A glowing orange brain (shapeshifter) (Vaults:2)
  A lindwurm (shapeshifter) (Depths:4)
  17 deep elf archers
  3 wizards
  A phantasmal warrior (Vaults:4)
  3 obsidian statues (Depths:4)
  A harpy (shapeshifter) (Depths:2)
  A tengu zombie (Vaults:3)
  2 sphinx zombies
  A wolf spider zombie (D:14)
  16 ironbrand convokers
  17 orc knights
  8 harpies
  17 orb spiders
  6 necromancers
  A cyclops (shapeshifter) (Depths:4)
  A manticore (shapeshifter) (Depths:4)
  41 ugly things
  A human zombie (Vaults:3)
  14 fauns
  22 wolf spiders
  6 cyclopes
  An orc sorcerer (Vaults:2)
  14 manticores
  A sphinx skeleton (Depths:2)
  A stone giant zombie (Depths:2)
  A wolf spider (shapeshifter) (Depths:4)
  52 deep elf magi
  2 spriggan zombies (Depths:2)
  A salamander (Depths:3)
  14 vault sentinels
  7 merfolk sirens
  A fire giant skeleton (Vaults:2)
  5 black mambas
  A rust devil (Depths:1)
  4 elephants
  2 molten gargoyles (Depths:4)
  9 water nymphs
  2 black mambas (shapeshifter) (Vaults:2)
  5 gargoyles
  A guardian serpent (shapeshifter) (D:14)
  A torpor snail (Lair:5)
  A smoke demon (Depths:1)
  2 eyes of devastation (shapeshifter)
  4 orange demons (D:12)
  3 centaur skeletons
  3 centaur zombies
  5 rime drakes
  21 spiny frogs
  3 komodo dragons (Lair:2)
  3 anaconda simulacra (IceCv)
  7 freezing wraiths
  44 yaktaurs
  2 efreet
  A kobold demonologist (D:15)
  10 ice devils
  8 demonic crawlers
  6 trolls
  4 tengu conjurers
  2 red devils (D:12)
  A queen bee (shapeshifter) (Depths:4)
  15 jumping spiders
  A polar bear (shapeshifter) (Vaults:4)
  10 polar bears
  A troll (shapeshifter) (D:15)
  A tengu simulacrum (Vaults:3)
  A meliai (shapeshifter) (Vaults:1)
  A wind drake (shapeshifter) (Vaults:1)
  20 merfolk
  Prince Ribbit (D:8)
  A sphinx simulacrum (Depths:2)
  A hornet (shapeshifter) (Depths:2)
  A wolf spider simulacrum (IceCv)
  10 raiju (Depths:4)
  28 slime creatures
  13 hornets
  25 blink frogs
  7 wind drakes
  7 dream sheep
  13 snapping turtles
  A dream sheep (shapeshifter) (Depths:4)
  9 hippogriffs
  A hippogriff (shapeshifter) (Vaults:1)
  4 air elementals
  A fire giant simulacrum (Depths:2)
  A stone giant simulacrum (Depths:1)
  A shadow (D:13)
  A vampire (D:14)
  3 spriggans (shapeshifter)
  3 centaur simulacra
  Sigmund (D:2)
  2 yaks (shapeshifter)
  26 tarantellas
  15 water elementals
  43 redbacks
  8 wraiths
  4 fire elementals (Depths:4)
  28 yaks
  2 fire bats (Lair:6)
  4 spriggans (Depths:5)
  4 dire elephant simulacra (IceCv)
  4 hogs (D:9)
  3 wyverns
  A human (D:9)
  A human (shapeshifter) (D:15)
  3 death yak simulacra (IceCv)
  Grum (Lair:1)
  An iron troll simulacrum (IceCv)
  A hungry ghost (D:13)
  3 basilisks
  Menkaure (D:7)
  10 wargs
  3 soldier ants (Spider:4)
  3 harpy simulacra (IceCv)
  2 human skeletons
  An acid dragon (D:14)
  An insubstantial wisp (Depths:4)
  2 soldier ants (shapeshifter)
  4 hydra simulacra
  Duvessa (D:7)
  16 water moccasins
  A floating eye (shapeshifter) (Depths:4)
  17 hell hounds (Lair:6)
  20 porcupines
  15 black bears
  32 orc warriors
  10 sky beasts
  An ice beast (D:15)
  A phantom (D:14)
  3 ettin simulacra
  A necrophage (D:8)
  53 ogres
  An eye of draining (D:11)
  14 boggarts
  32 wolves
  13 centaurs
  14 crocodiles
  A big kobold (shapeshifter) (Depths:5)
  A big kobold (D:9)
  15 bullfrogs
  3 human simulacra
  Dowan (D:7)
  14 earth elementals
  4 scorpions
  A spiny frog simulacrum (Lair:2)
  A hornet simulacrum (D:14)
  A water moccasin skeleton (D:9)
  A wyvern skeleton (D:14)
  7 killer bees
  An elephant simulacrum (IceCv)
  15 wights
  3 howler monkeys
  6 electric eels
  11 crimson imps
  3 jellies
  2 quasits (D:9)
  9 orc priests
  5 draconian simulacra (IceCv)
  6 hounds
  3 bullfrog skeletons
  An iron imp (D:5)
  A water moccasin simulacrum (Lair:2)
  4 iguanas
  20 orc wizards
  22 worker ants
  A spriggan simulacrum (IceCv)
  3 troll simulacra (IceCv)
  4 hell rats (Lair:6)
  A polar bear simulacrum (Lair:2)
  A hound zombie (D:10)
  A hound skeleton (D:8)
  A worker ant zombie (D:9)
  A crocodile simulacrum (Lair:2)
  6 gnolls
  5 adders
  2 naga simulacra (IceCv)
  An ogre simulacrum (IceCv)
  5 river rats (Lair:6)
  3 shadow imps
  10 white imps
  An ufetubus (IceCv)
  2 adder zombies
  2 adder skeletons
  A worm (D:3)
  4 dart slugs
  10 leopard geckos
  A leopard gecko (shapeshifter) (Depths:4)
  81 orcs
  8 bats
  4 giant cockroaches
  6 goblins
  8 hobgoblins
  5 jackals
  20 kobolds
  6 quokkas
  3 ball pythons
  3 frilled lizards
  A jackal zombie (D:7)
  2 leopard gecko skeletons (D:4)
  16 rats
  4 fungi
  5 plants
  3 tentacles (Shoals:2)
1971 creatures vanquished.

Vanquished Creatures (collateral kills)
  2 golden dragons (Depths:5)
  A tengu reaver (Vaults:4)
  A shadow dragon (Vaults:5)
  A frost giant (Shoals:4)
  2 vault wardens (Vaults:3)
  A fire giant (Vaults:5)
  2 emperor scorpions (Spider:4)
  An ironheart preserver (Vaults:4)
  A very ugly thing (Depths:4)
  A green draconian (Depths:5)
  An entropy weaver (Spider:4)
  A deep elf demonologist (Depths:5)
  A red draconian (Depths:5)
  2 merfolk javelineers (Shoals:4)
  2 merfolk impalers (Shoals:4)
  A fire dragon (Depths:5)
  2 yaktaur captains
  A great orb of eyes (Depths:2)
  6 vault guards
  3 hydras
  2 two-headed ogres (Vaults:4)
  A queen ant (Spider:4)
  A vampire mage (Depths:2)
  A tengu warrior (Depths:2)
  A deep elf knight (Vaults:5)
  A flayed ghost (Vaults:4)
  A deep troll (Depths:5)
  2 ironbrand convokers (Vaults:5)
  2 fauns (Shoals:3)
  A wolf spider (Spider:4)
  2 ugly things (Vaults:2)
  2 deep elf magi (Elf:2)
  A merfolk siren (Shoals:3)
  A water nymph (Shoals:3)
  A smoke demon (Depths:1)
  A freezing wraith (Vaults:4)
  2 demonic crawlers (Spider:4)
  A yaktaur (Depths:2)
  A queen bee (D:14)
  A merfolk (Shoals:3)
  3 meliai (D:14)
  A jumping spider (Spider:4)
  A wind drake (Depths:4)
  A snapping turtle (Shoals:4)
  A slime creature (D:15)
  8 dream sheep (Lair:6)
  A water elemental (Shoals:4)
  A redback (shapeshifter) (Depths:5)
  3 redbacks (Spider:4)
  A tarantella (Spider:4)
  A wyvern (D:12)
  2 soldier ants (Spider:4)
  A boggart (D:15)
  An ogre (Vaults:4)
  18 killer bees (D:14)
  3 wights (D:14)
  A worker ant (Spider:4)
107 creatures vanquished.

Vanquished Creatures (others)
  A rakshasa (Vaults:1)
  A yaktaur captain (Vaults:1)
  A merfolk aquamancer (Shoals:3)
  A two-headed ogre (Depths:2)
  A deep elf knight (Elf:1)
  A glowing orange brain (Depths:4)
  A deep troll (Depths:2)
  3 deep elf magi
  2 manticores
  A hornet (Depths:5)
  An insubstantial wisp (Depths:4)
  A boggart (Vaults:3)
  2 white imps (Depths:1)
  An ufetubus (IceCv)
  6 ball lightnings (Depths:4)
  3 bushes (Lair:5)
  26 fungi
  38 plants
  7 tentacles (Shoals:2)
98 creatures vanquished.

Grand Total: 2176 creatures vanquished

Notes
Turn   | Place    | Note
-------+----------+-------------------------------------------
     0 | D:1      | nicanaca0 the Minotaur Berserker began the quest for the
                  | Orb.
     0 | D:1      | Reached XP level 1. HP: 19/19 MP: 0/0
   213 | D:1      | Reached XP level 2. HP: 26/26 MP: 1/1
   840 | D:2      | Reached skill level 5 in Axes
   870 | D:2      | Found a faded altar of an unknown god.
   905 | D:2      | Reached XP level 3. HP: 29/31 MP: 2/2
  1027 | D:2      | Reached ** piety under Trog
  1110 | D:2      | Noticed Sigmund
  1120 | D:2      | Killed Sigmund
  1120 | D:2      | Reached XP level 4. HP: 28/39 MP: 3/3
  1120 | D:2      | Reached XP level 5. HP: 33/45 MP: 4/4
  2077 | D:3      | Found a shadowy altar of Dithmenos.
  2077 | D:3      | Found a stormy altar of Qazlal.
  2124 | D:3      | Found an iron altar of Okawaru.
  2239 | D:3      | Found an opulent altar of Gozag.
  2248 | D:3      | Reached XP level 6. HP: 51/51 MP: 5/5
  3100 | D:4      | Found Teumaf's Antique Weapon Emporium.
  3123 | D:4      | Found Fima Awn's Food Shoppe.
  3181 | D:4      | Found Ogestrugu's Armour Boutique.
  3309 | D:4      | Found Pomudgh's Armour Boutique.
  3341 | D:4      | Found a glowing golden altar of the Shining One.
  3343 | D:4      | Found a sparkling altar of Nemelex Xobeh.
  3437 | D:4      | Reached XP level 7. HP: 43/59 MP: 6/6
  3444 | D:4      | Reached *** piety under Trog
  3790 | D:4      | Found a bloodstained altar of Trog.
  3891 | D:4      | Got an ancient robe
  3892 | D:4      | Identified the +2 robe of Demons {rC+} (You found it on
                  | level 4 of the Dungeon)
  4054 | D:5      | Entered Level 5 of the Dungeon
  4212 | D:5      | Found a shimmering altar of Xom.
  4251 | D:5      | Reached skill level 5 in Fighting
  4311 | D:5      | Reached skill level 10 in Axes
  4568 | D:5      | Found a staircase to the Ecumenical Temple.
  4761 | D:5      | Found a snail-covered altar of Cheibriados.
  4767 | D:5      | Reached XP level 8. HP: 64/69 MP: 7/7
  4884 | D:6      | Found Seas's Magic Scroll Emporium.
  4886 | D:6      | Found Unemuf's General Store.
  4916 | D:6      | Found Feaqag's Assorted Antiques.
  4957 | D:6      | Reached skill level 5 in Armour
  5210 | D:6      | Found Jeguafom's Weapon Shop.
  5484 | D:6      | Found Xock's Armour Shoppe.
  5492 | D:6      | Bought a +0 tower shield of protection for 138 gold pieces
  5641 | D:6      | Found a white marble altar of Elyvilon.
  5672 | D:7      | Found Qeq Xif's Book Shop.
  5672 | D:7      | Noticed Duvessa
  5672 | D:7      | Noticed Dowan
  5680 | D:7      | Found Ohamn's Antique Armour Shoppe.
  5690 | D:7      | Killed Duvessa
  5690 | D:7      | Reached skill level 1 in Shields
  5698 | D:7      | Killed Dowan
  5777 | D:7      | Found Topp's Jewellery Shoppe.
  6236 | D:7      | Found Peut's Gadget Emporium.
  6323 | D:7      | Reached XP level 9. HP: 78/78 MP: 8/8
  6355 | D:7      | Found Wuregor's Book Shop.
  6413 | D:7      | Reached **** piety under Trog
  6432 | D:7      | Noticed Menkaure
  6438 | D:7      | Killed Menkaure
  6930 | D:8      | Noticed a two-headed ogre
  6955 | D:8      | Killed a two-headed ogre
  7315 | D:8      | Noticed Prince Ribbit
  7319 | D:8      | Reached skill level 5 in Shields
  7343 | D:8      | Killed Prince Ribbit
  7367 | D:8      | Reached XP level 10. HP: 76/88 MP: 9/9
  7998 | D:9      | Found a staircase to the Lair.
  8002 | D:9      | Reached ***** piety under Trog
  8444 | D:9      | Found a sacrificial altar of Ru.
  8812 | D:9      | Found an opulent altar of Gozag.
  8987 | D:10     | Entered Level 10 of the Dungeon
  9007 | D:10     | Received a gift from Trog
  9211 | D:10     | Noticed a brown ugly thing
  9218 | D:10     | Killed a brown ugly thing
  9396 | D:10     | Killed an unseen horror
  9396 | D:10     | Reached XP level 11. HP: 95/97 MP: 10/10
  9527 | D:11     | Noticed a red ugly thing
  9538 | D:11     | Killed a red ugly thing
 10174 | Lair:1   | Entered Level 1 of the Lair of Beasts
 10612 | D:12     | Noticed an eight-headed hydra
 10619 | D:12     | Killed an eight-headed hydra
 10619 | D:12     | Reached skill level 10 in Fighting
 10659 | D:12     | Noticed a purple ugly thing
 10665 | D:12     | Killed a purple ugly thing
 10665 | D:12     | Reached skill level 15 in Axes
 10687 | D:12     | Reached skill level 10 in Armour
 11129 | D:12     | Found a staircase to the Orcish Mines.
 11129 | D:12     | Noticed Gastronok
 11144 | D:12     | Killed Gastronok
 11156 | D:12     | Noticed a purple ugly thing
 11160 | D:12     | Noticed Rupert
 11181 | D:12     | Killed a purple ugly thing
 11192 | D:12     | Killed Rupert
 11192 | D:12     | Reached XP level 12. HP: 108/108 MP: 11/11
 11499 | D:12     | Paralysed by a hornet for 1 turns
 11969 | Lair:1   | Noticed Grum
 11979 | Lair:1   | Killed Grum
 11995 | Lair:1   | Noticed Urug
 12034 | Lair:1   | Killed Urug
 12151 | Lair:1   | Reached skill level 10 in Shields
 13182 | Lair:2   | Found a runed translucent gate.
 13183 | Lair:2   | Found a runed translucent gate.
 13184 | Lair:2   | Found a runed translucent gate.
 13229 | Lair:2   | Found a staircase to the Shoals.
 13446 | Lair:2   | Reached XP level 13. HP: 117/117 MP: 12/12
 13571 | Lair:2   | Noticed NebNelluc's ghost (journeyman HuNe)
 13676 | Lair:2   | Killed NebNelluc's ghost
 14008 | Lair:2   | Got the ring "Katt" {Fire}
 14017 | Lair:2   | Identified the ring "Katt" {Fire Str+3} (You found it on
                  | level 2 of the Lair of Beasts)
 14107 | Lair:3   | Received a gift from Trog
 14312 | Lair:3   | Found a glowing silver altar of Zin.
 14851 | Lair:3   | Found a hole to the Spider Nest.
 16600 | Lair:5   | Noticed Josephine
 16617 | Lair:5   | Killed Josephine
 16741 | Lair:5   | Found a staircase to the Slime Pits.
 17390 | Lair:6   | Entered Level 6 of the Lair of Beasts
 17447 | Lair:5   | Reached XP level 14. HP: 102/129 MP: 13/13
 17824 | Lair:6   | Reached ****** piety under Trog
 18433 | Lair:6   | Received a gift from Trog
 18781 | Lair:6   | Identified a scroll of acquirement
 18783 | Lair:6   | Acquired 520 gold pieces
 18808 | Lair:6   | Reached XP level 15. HP: 139/139 MP: 14/14
 20073 | Lair:6   | Received a gift from Trog
 20360 | Lair:6   | Reached skill level 15 in Fighting
 20996 | Orc:1    | Entered Level 1 of the Orcish Mines
 21163 | Orc:2    | Entered Level 2 of the Orcish Mines
 21169 | Orc:2    | Found a staircase to the Elven Halls.
 21336 | Orc:2    | Reached skill level 15 in Armour
 21672 | Orc:2    | Paralysed by an ogre mage for 6 turns
 21794 | Orc:2    | Reached skill level 15 in Shields
 21937 | Orc:2    | Received a gift from Trog
 21939 | Orc:2    | Reached XP level 16. HP: 136/149 MP: 15/15
 21986 | Orc:2    | Found Lyuliu's Assorted Antiques.
 21986 | Orc:2    | Found Gigadi's Magic Scroll Emporium.
 21987 | Orc:2    | Found Qosas's General Store.
 21987 | Orc:2    | Found Egyeseus's Weapon Boutique.
 22037 | Orc:2    | Bought a scroll of acquirement for 572 gold pieces
 22038 | Orc:2    | Bought 3 scrolls of blinking for 765 gold pieces
 22222 | Orc:2    | Acquired a +0 hat
 22380 | D:12     | Reached skill level 5 in Dodging
 22619 | D:13     | Found Tujics's Jewellery Shoppe.
 22640 | D:13     | Bought an uncursed amulet of reflection for 390 gold pieces
 23018 | D:13     | Found a gate to the Vaults.
 23511 | D:14     | Received a gift from Trog
 24876 | D:15     | Entered Level 15 of the Dungeon
 24962 | D:15     | Got a shimmering chain mail
 24963 | D:15     | Identified the cursed +0 chain mail "Rutru" {SInv} (You
                  | found it on level 15 of the Dungeon)
 25113 | D:15     | Found a staircase to the Depths.
 25283 | D:15     | Found a shadowy altar of Dithmenos.
 25452 | D:15     | Found Poawn's Book Emporium.
 25961 | Spider:1 | Entered Level 1 of the Spider Nest
 26226 | Spider:1 | Received a gift from Trog
 26896 | Spider:1 | Reached XP level 17. HP: 160/160 MP: 5/16
 28381 | Spider:3 | Reached skill level 1 in Throwing
 29183 | Spider:4 | Entered Level 4 of the Spider Nest
 29188 | Spider:4 | Paralysed by a hornet for 3 turns
 29459 | Spider:4 | Received a gift from Trog
 30146 | Spider:4 | Reached skill level 5 in Throwing
 30164 | Spider:4 | Reached skill level 10 in Dodging
 30417 | Spider:4 | Got a gossamer rune of Zot
 30574 | Spider:4 | Received a gift from Trog
 31363 | Elf:1    | Entered Level 1 of the Elven Halls
 31548 | Elf:1    | Reached skill level 1 in Evocations
 31684 | Elf:1    | Noticed Agnes
 31705 | Elf:1    | Killed Agnes
 31815 | Elf:1    | Reached XP level 18. HP: 172/172 MP: 6/18
 32563 | Elf:1    | Received a gift from Trog
 33412 | Elf:2    | Found Vyuqawuo's General Store.
 33463 | Elf:2    | HP: 5/173 [deep elf mage/bolt of lightning (19)]
 34012 | Elf:2    | Identified the +6 dagger "Xaffolin" {drain, MR+ Str+2}
 34447 | Elf:2    | Found a runed translucent gate.
 34447 | Elf:2    | Found a runed translucent gate.
 34447 | Elf:2    | Found a runed translucent gate.
 35341 | Elf:2    | Noticed Louise
 35359 | Elf:2    | Received a gift from Trog
 35364 | Elf:2    | Killed Louise
 35807 | Shoals:1 | Entered Level 1 of the Shoals
 37045 | Shoals:2 | Found the +9 staff of Wucad Mu {channel}
 37209 | Shoals:2 | Found Muihieleo's Armour Boutique.
 37738 | Shoals:2 | Reached XP level 19. HP: 164/183 MP: 6/20
 38149 | Shoals:3 | Noticed Bai Suzhen
 38506 | Shoals:2 | Bought the cursed +1 crystal plate armour of Viof {Dex+2}
                  | for 1025 gold pieces
 38528 | Shoals:3 | Noticed Ilsuiw
 38548 | Shoals:3 | Killed Ilsuiw
 38806 | Shoals:3 | Killed Bai Suzhen
 38953 | Shoals:3 | Noticed Roxanne
 38979 | Shoals:3 | Killed Roxanne
 39377 | Shoals:4 | Entered Level 4 of the Shoals
 39379 | Shoals:4 | Found a frozen archway.
 39388 | IceCv    | Entered an ice cave
 40249 | IceCv    | Got a transparent spear
 40283 | IceCv    | Identified the cursed +1 spear of Durable Tender Mercy
                  | {elec, Stlth+} (You found it in an ice cave)
 40776 | Shoals:4 | Found Qiomaviq's Weapon Shoppe.
 41803 | Shoals:4 | Received a gift from Trog
 41974 | Shoals:4 | Got a bound silver ring
 41976 | Shoals:4 | Identified the ring "Zoptedgh" {+Fly rPois rF+ rC- Int+2}
                  | (You found it on level 4 of the Shoals)
 42077 | Shoals:4 | Got a jewelled hat
 42088 | Shoals:4 | Identified the +1 hat of the Frog {Harm MR- Dex-4 Slay+5}
                  | (You found it on level 4 of the Shoals)
 42259 | Shoals:4 | Got a barnacled rune of Zot
 43098 | Depths:1 | Entered Level 1 of the Depths
 43276 | Depths:1 | Found Laveetat's Book Boutique.
 43278 | Depths:1 | Found Vikuety's Armour Shop.
 43280 | Depths:1 | Found Fuahoafexu's Armour Boutique.
 43523 | Depths:1 | Bought a +2 pair of boots of running for 581 gold pieces
 43887 | Depths:1 | Found a gateway to Hell.
 44027 | Depths:1 | Reached XP level 20. HP: 198/198 MP: 7/22
 44342 | Depths:1 | Got a sapphire hand axe
 44343 | Depths:1 | Identified the +4 hand axe "Dragonslayer" {freeze, rPois}
                  | (You found it on level 1 of the Depths)
 44469 | Depths:2 | Found a runed translucent door.
 44500 | Depths:2 | Reached skill level 5 in Evocations
 44850 | Depths:2 | Found a gateway to a ziggurat.
 44954 | Depths:2 | Found a burning altar of Makhleb.
 44993 | Depths:2 | Found a runed translucent door.
 44995 | Depths:2 | Identified Sif Muna's Catalogue of Envenoming and Curses
 44997 | Depths:2 | Got a fine hat
 44998 | Depths:2 | Identified the +0 hat "Vedaiw" {rF+ SInv} (You found it on
                  | level 2 of the Depths)
 45001 | Depths:2 | Found a runed translucent door.
 45224 | Depths:2 | You fall into a shaft and drop 1 floor!
 45542 | Depths:3 | You fall into a shaft and drop 1 floor!
 45586 | Depths:4 | Received a gift from Trog
 45597 | Depths:4 | Noticed a caustic shrike
 45597 | Depths:4 | a shadow dragon changed into a caustic shrike
 45606 | Depths:4 | You fall into a shaft and drop 1 floor!
 45606 | Depths:5 | Entered Level 5 of the Depths
 46791 | Depths:4 | Reached XP level 21. HP: 203/206 MP: 8/25
 47311 | Depths:4 | Identified the Compendium of Hexes
 47422 | Depths:4 | Noticed a golden dragon
 47422 | Depths:4 | an acid blob changed into a golden dragon
 47426 | Depths:4 | a golden dragon changed into a shadow dragon
 47454 | Depths:4 | Found a one-way gate to the infinite horrors of the Abyss.
 47469 | Depths:4 | Got a brightly glowing lead amulet
 47588 | Depths:4 | Got a pair of jewelled gloves
 47589 | Depths:4 | Identified the +1 pair of gloves of Impermeability {rPois
                  | Dex+2} (You found it on level 4 of the Depths)
 47590 | Depths:4 | Identified the amulet "Xaf Qimm" {Faith Dex+7} (You found
                  | it on level 4 of the Depths)
 47659 | Depths:4 | Gained mutation: Your magical capacity is low. (-10% MP) [a
                  | neqoxec]
 48596 | Depths:5 | Received a gift from Trog
 49157 | Depths:5 | Found a gate to the Realm of Zot.
 49157 | Depths:5 | Noticed a golden dragon
 49162 | Depths:5 | Noticed a golden dragon
 49196 | Depths:5 | Killed a golden dragon
 49204 | Depths:5 | Killed a golden dragon
 49314 | Depths:5 | Noticed a juggernaut
 49346 | Depths:5 | Killed a juggernaut
 49656 | Depths:5 | Got a slimy bone ring
 49663 | Depths:5 | Identified the ring "Nuupsaedagh" {*Contam +Fly rPois
                  | Stlth+} (You found it on level 5 of the Depths)
 49710 | Depths:5 | Gained mutation: You are frail. (-10% HP) [mutagenic glow]
 49842 | Depths:5 | Noticed a caustic shrike
 49855 | Depths:5 | Killed a caustic shrike
 49941 | Depths:5 | Found a corrupted altar of Lugonu.
 50210 | Depths:5 | Noticed a juggernaut
 50231 | Depths:5 | Killed a juggernaut
 50720 | D:6      | Bought 2 scrolls of enchant armour for 330 gold pieces
 50878 | Vaults:1 | Entered Level 1 of the Vaults
 50878 | Vaults:1 | Noticed Saint Roka
 50917 | Vaults:1 | Killed Saint Roka
 51394 | Vaults:1 | Reached XP level 22. HP: 142/195 MP: 8/25
 52381 | Vaults:1 | Reached skill level 10 in Evocations
 52940 | Vaults:1 | Reached skill level 15 in Dodging
 53877 | Vaults:2 | Found a staircase to the Crypt.
 54038 | Vaults:2 | Received a gift from Trog
 54219 | Vaults:2 | Received a gift from Trog
 54984 | Vaults:2 | Received a gift from Trog
 55088 | Vaults:2 | Reached XP level 23. HP: 164/205 MP: 8/26
 56239 | Vaults:3 | Received a gift from Trog
 56897 | Vaults:3 | Reached skill level 10 in Throwing
 56921 | Vaults:3 | Identified the +1 kite shield of Gimim {Str+3 Int+4}
 56921 | Vaults:3 | Noticed Asterion
 56944 | Vaults:3 | Killed Asterion
 57429 | Vaults:4 | Received a gift from Trog
 58348 | Vaults:4 | Noticed Margery
 58362 | Vaults:4 | Received a gift from Trog
 58375 | Vaults:4 | Killed Margery
 58375 | Vaults:4 | Reached XP level 24. HP: 171/215 MP: 8/26
 58936 | Vaults:5 | Entered Level 5 of the Vaults
 59126 | Vaults:5 | Received a gift from Trog
 59401 | Vaults:5 | HP: 5/217 [yaktaur captain (11)]
 59401 | Vaults:5 | Slain by a stone giant

Illustrated notes

Levels and vault maps discovered:
D:1:      dpeg_arrival_tiny_i, layout_basic, serial_forest,
          infiniplex_forest_clump_cross, infiniplex_forest_clump_long,
          infiniplex_forest_straight_2, infiniplex_forest_join,
          infiniplex_forest_clump_large, infiniplex_forest_lined_3
D:2:      layout_basic, chequers_ecumenical_altar_island, uniq_sigmund
D:3:      layout_basic, lemuel_crystal_altar,
          chequers_temple_overflow_statue_of_worship, first_ration
D:4:      layout_cave_pools, grunt_temple_overflow_open, old_standard_altar,
          serial_shops, nicolae_shop_crystal, nicolae_shop_statue_plus,
          nicolae_shop_temple_entry_statues_fountains, nicolae_shop_waterfront
D:5:      layout_basic, slow_altar_2, lemuel_round_altar,
          minmay_temple_entry_arrows, minmay_between
D:6:      layout_loops_ring, kennysheep_mini, serial_shops, shop,
          nicolae_shop_statue_plus, shop_fountains, shop, shop
D:7:      layout_rooms, serial_bayou, serial_bayou_lake_a, serial_bayou_shore_a,
          serial_bayou_pond_d, serial_bayou_crossing, serial_shops, shop, shop,
          shop, shop, shop, minmay_stone_trees_small, uniq_menkaure,
          uniq_duvessa
D:8:      layout_cave_pools, uniq_prince_ribbit1
D:9:      layout_irregular_city, nicolae_ru_sacrificial_ziggurat,
          minmay_lair_entry_grove, grunt_livestock,
          nicolae_gozag_cash_rules_everything_around_me
D:10:     layout_basic
D:11:     layout_rooms, minmay_fractal_squares_diagonal_5
D:12:     layout_irregular_city, orc_0_dummy, minmay_beelzebubs_servants,
          uniq_rupert, uniq_gastronok
D:13:     layout_cave_pods, lightli_vaults_fourway_checkpoint, serial_shops,
          nicolae_shop_waterfront, minmay_misc_feat_enclosed
D:14:     layout_roguey [special_room_bee], solitary_fountain,
          gauntlet_entry_generic, minmay_protected_statue
D:15:     gammafunk_enter_depths_forms, layout_loops_ring, serial_shops, shop,
          dk_noncrumbling_2, nicolae_dithmenos_shadow_blocks
Lair:1:   layout_loops_ring, beast_lair_carwin_5, uniq_urug, uniq_grum
Lair:2:   layout_regular_city, minmay_shoals_entry_hut, gammafunk_ghost_icy,
          st_stairs_4
Lair:3:   layout_hall_layers, spider_nest_entry_a, basic_altar,
          bh_autumn_forest_stairs, chequers_serial_rivers_micro_a,
          grunt_megastairs_1
Lair:4:   layout_loops_ring, lemuel_fruit_fields, grunt_megastairs_2,
          lemuel_fruit_tree
Lair:5:   layout_loops_ring, dpeg_slime_entry_corner, serial_bayou_lagoon_a,
          uniq_josephine
Lair:6:   hangedman_lair_caniforms_friends, layout_gridlike, st_stairs_10,
          chequers_serial_rivers_micro_b, kennysheep_abandoned_house
Shoals:1: layout_shoals, nicolae_shoals_loop_pool
Shoals:2: layout_shoals, serial_shops, nicolae_shop_stone
Shoals:3: layout_shoals, yaktaur_hedge, uniq_bai_suzhen, uniq_ilsuiw,
          uniq_roxanne
Shoals:4: shoals_end_grunt_ice, layout_shoals,
          portal_ice_cave_entry_pillars_four, serial_shops,
          nicolae_shop_waterfront
Spider:1: layout_spider_delve
Spider:2: layout_spider_delve
Spider:3: layout_spider_delve
Spider:4: grunt_spider_rune_circles, minmay_another_anthill
Orc:1:    layout_diamond_mine, gammafunk_ghost_abyssal_escape, serial_shops,
          shop_fountains
Orc:2:    st_orc_ogre_mass, layout_diamond_mine
Elf:1:    layout_loops_corners, uniq_agnes
Elf:2:    layout_loops_ring, serial_shops, nicolae_shop_statue_plus,
          hangedman_elf_power_crystal, billiards_dpeg, uniq_louise
Vaults:1: vaults_dpeg_doors, vaults_mumra_minichess_inversion,
          nicolae_vaults_network_quincunx
          [nicolae_vaults_network_quincunx_subvault,
          nicolae_vaults_network_quincunx_subvault,
          nicolae_vaults_network_quincunx_subvault,
          nicolae_vaults_network_quincunx_subvault,
          nicolae_vaults_network_quincunx_subvault], ontoclasm_vaults_spin,
          st_hourglassy, v_misc_19, v_misc_33, dpeg_vaults_monster_box,
          nicolae_vaults_ninety_degrees, v_misc_16, vaults_room_semicircle,
          ontoclasm_vaults_claustrophobia, hangedman_vaults_impose,
          nicolae_vaults_little_squares_1, ontoclasm_vaults_decontamination,
          layout_vaults_omnibox, uniq_saint_roka
Vaults:2: v_misc_10, minmay_crypt_entry_nasty_monster, nicolae_vaults_big_ls,
          v_misc_18, hangedman_vaults_nodes, vaults_room_stairs_pillars,
          vaults_mumra_chevron, ontoclasm_vaults_gateway, v_misc_14,
          nicolae_vaults_yaktaur_gun_rack, vaults_room_pools,
          nicolae_vaults_little_squares_6, v_misc_27, layout_vaults_ring
Vaults:3: nicolae_vaults_diagonal_hallway_9, ontoclasm_vaults_fault,
          nicolae_vaults_meeting, hangedman_vaults_stream, v_alt_pattern_3,
          nicolae_vaults_disjoint_gnomons, v_rooms_1, v_misc_10, v_rooms_4,
          v_misc_25, v_rooms_6, vaults_dpeg_ring, layout_vaults_maze_bifur,
          uniq_asterion
Vaults:4: vaults_dpeg_spiral, nicolae_vaults_theta, nicolae_vaults_network_star,
          v_pattern_3, st_check, ontoclasm_vaults_pinch,
          ontoclasm_vaults_ligature, layout_vaults_omnigrid, serial_glass,
          uniq_margery
Vaults:5: serial_shops
Depths:1: layout_basic, grunt_mini_vestibule, minmay_misc_feat_x,
          minmay_fire_ice_demons, minmay_shop_star
Depths:2: minmay_the_grid_triangle_9x9_recursive_2_mashed
          [minmay_the_grid_triangle_9x9_prize_schism,
          minmay_the_grid_triangle_9x9_longest,
          minmay_the_grid_triangle_9x9_shrine,
          minmay_the_grid_triangle_9x9_fully_insulated_deathbox],
          layout_gridville, enter_ziggurat_e, pf_hell_entry_tar_spiral,
          kennysheep_decorative_pillar, chequers_serial_rivers_room_a,
          due_unseen_surprise, infiniplex_staircase_squiggle
Depths:3: minmay_mutant_horseshoe, layout_cave_pools, pf_dread_powers_of_hell,
          minmay_strange_pillars, rand_demon_pan_entry_4, uniq_sojobo
Depths:4: radiant_caverns_a_rkd, hell_entry, abyss_entry
Depths:5: grunt_zot_entry_tricorne, layout_basic, kennysheep_pointless_box,
          hell_entry, abyss_entry_flame_altar, serial_sigils_hangedman_confine,
          minmay_multi_spiral

Skill      XL: |  1  2  3  4  5  6  7  8  9 10 11 12 13 14 15 16 17 18 19 20 21 22 23 24 |
---------------+-------------------------------------------------------------------------+-----
Axes           | 4 5 7 8 9 10 11 12 14 15 17 18 19 | 19.2
Fighting       | 4 5 6 8 9 10 11 13 14 15 16 18 19 21 22 23 24 25 | 25.1
Armour         | 3 4 6 7 9 10 11 13 14 15 16 17 19 21 22 23 24 25 | 25.0
Shields        | 2 5 7 9 11 12 14 15 16 | 16.4
Dodging        | 3 8 10 12 14 15 17 18 | 18.0
Throwing       | 5 8 10 | 10.0
Evocations     | 2 3 4 7 9 10 | 10.0

Action                   |  1- 3 |  4- 6 |  7- 9 | 10-12 | 13-15 | 16-18 | 19-21 | 22-24 || total
-------------------------+-------+-------+-------+-------+-------+-------+-------+-------++-------
Melee: Hand axe          |    77 |   136 |   282 |   138 |       |   188 |       |       ||   821
       Headbutt          |     8 |    19 |    42 |   136 |   201 |   377 |   442 |   387 ||  1612
       War axe           |       |       |       |   396 |   478 |       |   121 |       ||   995
       Demon trident     |       |       |       |       |    65 |     4 |    14 |       ||    83
       Broad axe         |       |       |       |       |   293 |  1516 |  1405 |  1412 ||  4626
Throw: Boomerang         |       |       |     2 |       |       |       |       |       ||     2
       Dart              |       |       |       |       |     3 |    44 |    31 |     8 ||    86
Invok: Trog's Hand       |     1 |       |     3 |     3 |     5 |    18 |    34 |    17 ||    81
       Brothers in Arms  |       |       |       |     1 |     5 |     9 |    15 |     5 ||    35
       Berserk           |       |       |       |       |       |       |     2 |     1 ||     3
Evoke: Wand              |       |       |       |       |       |    13 |    17 |     2 ||    32
       Box of beasts     |       |       |       |       |       |       |     1 |       ||     1
       Phial of floods   |       |       |       |       |       |       |     1 |       ||     1
  Use: Scroll            |       |     2 |    13 |     5 |    15 |    24 |    20 |    14 ||    93
       Potion            |       |       |     7 |       |     3 |     4 |     9 |     3 ||    26
 Stab: Invisible         |       |       |       |       |     5 |       |    10 |       ||    15
       Distracted        |       |       |       |       |       |     3 |     3 |     2 ||     8
       Paralysed         |       |       |       |       |       |     1 |       |     2 ||     3
  Eat: Chunk             |     1 |     7 |    14 |    18 |    17 |    22 |    16 |    18 ||   113
       Ration            |       |       |       |     1 |     4 |    12 |    17 |     7 ||    41
Armor: Animal skin       |    23 |     2 |       |       |       |       |       |       ||    25
       Ring mail         |       |     9 |       |       |       |       |       |       ||     9
       Scale mail        |       |    26 |    81 |     6 |       |       |       |       ||   113
       Plate armour      |       |       |       |   209 |   386 |   591 |    40 |       ||  1226
       Crystal plate arm |       |       |       |       |       |       |   593 |       ||   593
       Gold dragon scale |       |       |       |       |       |       |    24 |   439 ||   463
Dodge: Dodged            |    59 |    58 |    97 |    56 |   139 |   343 |   375 |   353 ||  1480
Block: Tower shield      |       |       |   108 |   451 |   788 |   389 |       |       ||  1736
       Kite shield       |       |       |       |       |       |  1258 |  1358 |  1058 ||  3674
       Reflection        |       |       |       |       |       |   110 |    78 |    52 ||   240
